 Dungeon Crawl Stone Soup version 0.16-a0-1529-gf034e03 (webtiles) character file.

166 Psiweapon the Skirmisher (level 5, -9/50 HPs)
             Began as a Hill Orc Fighter on Oct 22, 2014.
             Mangled by Psiweapon's ghost (11 damage)
             ... on level 3 of the Dungeon.
             The game lasted 00:10:56 (2300 turns).

Psiweapon the Skirmisher (Hill Orc Fighter)         Turns: 2300, Time: 00:10:56

Health: -9/50      AC:  6    Str: 20    XL:     5   Next: 47%
Magic:  5/5        EV:  7    Int:  8    God:
Gold:   99         SH:  9    Dex: 10    Spells: 0 memorised, 4 levels left

rFire  . . .     SeeInvis .     a - +0 war axe
rCold  . . .     Clarity  .     t - +0 scale mail
rNeg   . . .     SustAb   .     c - +0 shield
rPois  .         Gourm    +     (no helmet)
rElec  .         Spirit   .     (no cloak)
rCorr  .         Warding  .     (no gloves)
rMut   .         Stasis   .     (no boots)
MR     .....                    f - amulet of the gourmand
Stlth  ..........               (no ring)
                                (no ring)

@: not resistant to hostile enchantments, extremely unstealthy
A: no striking features
a: no special abilities


You were on level 3 of the Dungeon.
You were very full.

You visited 1 branch of the dungeon, and saw 3 of its levels.

You collected 99 gold pieces.

Inventory:

Hand weapons
 a - a +0 war axe (weapon)
 b - a +0 hunting sling
 h - a cursed -2 spear
 q - a +2 flail of protection
Missiles
 g - 20 stones (quivered)
 s - 23 sling bullets
Armour
 c - a +0 shield (worn)
 t - a +0 scale mail (worn)
Jewellery
 f - an amulet of the gourmand (around neck)
 m - an uncursed amulet of resist corrosion {unknown}
Scrolls
 j - 7 scrolls of remove curse {unknown}
 k - a scroll of recharging {unknown}
 l - 3 scrolls of fog {unknown}
 r - 3 scrolls of identify {unknown}
 u - a scroll of random uselessness {unknown}
Potions
 e - a potion of might
 o - a potion of restore abilities {unknown}
 p - a potion of magic {unknown}
Comestibles
 d - 2 meat rations
 i - 3 fruits
 n - 3 bread rations


   Skills:
 + Level 5.7 Fighting
 + Level 5.4 Axes
 - Level 3.2 Armour
 - Level 3.2 Shields


You had 4 spell levels left.
You didn't know any spells.

Dungeon Overview and Level Annotations

Branches:
Dungeon (3/15)

Altars:

Annotations:
D:3 Psiweapon's ghost, average DrGl


Message History

Psiweapon's ghost hits you.
You miss Psiweapon's ghost.
Psiweapon's ghost is lightly damaged.
You block Psiweapon's ghost's attack.
You hit Psiweapon's ghost.
Psiweapon's ghost is lightly damaged.
Psiweapon's ghost hits you! x2
* * * LOW HITPOINT WARNING * * *
You closely miss Psiweapon's ghost.
Psiweapon's ghost is lightly damaged.
Psiweapon's ghost closely misses you.
You hit Psiweapon's ghost.
Psiweapon's ghost is moderately damaged.
Psiweapon's ghost hits you but does no damage.
You hit Psiweapon's ghost.
Psiweapon's ghost is heavily damaged.
Psiweapon's ghost hits you!
* * * LOW HITPOINT WARNING * * *
Psiweapon's ghost hits you!
You die...

...... <# #.... ###. #..... .#.#
#..... #.#. #..#.#####.#.###.....
.... #..#................. #.#.
#..#....>.......#..... #.#.
#..#........###.##...#### #.#.
#..#.).<....# #...###...# #.#.
###..[.)...%..###.##.#.##.####...
.............$..@.###.###......#.
..#.......)..##.W.....# #..######
. #..........##.####### #..# #
...#.......###. #..# #
#..#.......# #. .#.#.....
#..#.......# #. ##........
#..##.###### #. .##..... #.. .#
## . ##.>.# . #. ##.##


You could see Psiweapon's ghost.

Vanquished Creatures
  Sigmund (D:3)
  Terence (D:2)
  An adder (D:2)
  3 worms (D:2)
  3 oozes (D:1)
  4 giant cockroaches
  6 hobgoblins
  A ball python (D:1)
  10 bats
  3 giant newts
  6 goblins
  9 kobolds
  5 rats
53 creatures vanquished.

Notes
Turn   | Place    | Note
--------------------------------------------------------------
     0 | D:1      | Psiweapon, the Hill Orc Fighter, began the quest for the Orb.
     0 | D:1      | Reached XP level 1. HP: 19/19 MP: 1/1
   230 | D:1      | Reached XP level 2. HP: 26/26 MP: 2/2
   414 | D:1      | Reached skill level 4 in Axes
   858 | D:1      | Reached XP level 3. HP: 31/31 MP: 3/3
  1221 | D:2      | Reached skill level 5 in Axes
  1389 | D:2      | Noticed Terence
  1398 | D:2      | Killed Terence
  1398 | D:2      | Reached XP level 4. HP: 32/40 MP: 4/4
  1421 | D:3      | Noticed Sigmund
  1435 | D:3      | Killed Sigmund
  1435 | D:3      | Reached skill level 5 in Fighting
  1435 | D:3      | Reached XP level 5. HP: 20/48 MP: 5/5
  2283 | D:3      | Noticed Psiweapon's ghost (average DrGl)
  2300 | D:3      | HP: 2/50 [Psiweapon's ghost (14)]
  2300 | D:3      | Mangled by Psiweapon's ghost

Action                   |  1- 3 |  4- 6 || total
-------------------------+-------+-------++-------
Melee: War axe           |   102 |    87 ||   189
Throw: Stone             |    30 |       ||    30
  Use: Potion            |     1 |       ||     1
  Eat: Chunk             |    10 |     2 ||    12
